 Dungeon Crawl Stone Soup version 0.18.1-48-g4cf74bf (webtiles) character file.

6580 Heedrag the Destroyer (level 10, -13/50 HPs)
             Began as a Deep Elf Conjurer on July 30, 2016.
             Was an Initiate of Vehumet.
             Shot with an arrow by a centaur warrior (20 damage)
             ... on level 10 of the Dungeon.
             The game lasted 00:26:13 (10650 turns).

Heedrag the Destroyer (Deep Elf Conjurer)          Turns: 10650, Time: 00:26:14

Health: -13/50     AC:  5    Str:  5    XL:     10   Next: 71%
Magic:  2/27       EV: 13    Int: 21    God:    Vehumet [......]
Gold:   474        SH:  3    Dex: 15    Spells: 5 memorised, 17 levels left

rFire  . . .     SeeInvis .     L - +2 quarterstaff of Disembowelment {freeze, MR++ Stlth+}
rCold  . . .     Gourm    .     a - +0 robe
rNeg   . . .     Faith    .     (shield currently unavailable)
rPois  .         Spirit   .     q - +0 helmet
rElec  .         Dismiss  .     H - +0 cloak
rCorr  .         Reflect  +     M - +0 pair of gloves
SustAt .         Harm     .     (no boots)
MR     +++..                    J - +3 amulet of reflection
Stlth  +++.......               (no ring)
                                U - -3 ring of strength (curse)

@: extremely resistant to hostile enchantments, fairly stealthy
A: no striking features
a: Renounce Religion


You were on level 10 of the Dungeon.
You worshipped Vehumet.
Vehumet was noncommittal.
You were very hungry.

You visited 3 branches of the dungeon, and saw 12 of its levels.

You collected 474 gold pieces.

Inventory:

Hand Weapons
 e - a +0 short sword
 o - a +0 dagger of holy wrath
 r - a +2 short sword of speed
 L - the +2 quarterstaff of Disembowelment (weapon) {freeze, MR++ Stlth+}
   (You found it on level 7 of the Dungeon)

   It has been specially enchanted to freeze those struck by it, causing extra
   injury to most foes and up to half again as much damage against particularly
   susceptible opponents.
   It can also slow down cold-blooded creatures.
   It affects your resistance to hostile enchantments.
   It makes you more stealthy.
Armour
 a - a +0 robe (worn)
 d - a +0 shield
 m - an ice dragon hide
 q - a +0 helmet (worn)
 H - a +0 cloak (worn)
 M - a +0 pair of gloves (worn)
 W - a cursed +0 helmet
Jewellery
 J - a +3 amulet of reflection (around neck)
 U - a cursed -3 ring of strength (left hand)
Wands
 p - a wand of polymorph (12/24)
 y - a wand of confusion (27/48)
 I - a wand of acid (10/15)
 N - a wand of lightning (12/15)
 O - a wand of hasting (4/9)
 R - a wand of slowing (0/48)
Scrolls
 h - 4 scrolls of fog {unknown}
 j - 3 scrolls of remove curse
 l - 9 scrolls of identify
 u - a scroll of blinking {unknown}
 v - a scroll of enchant armour {unknown}
 x - a scroll of enchant weapon {unknown}
 z - 3 scrolls of amnesia {unknown}
 A - 2 scrolls of immolation {unknown}
 K - a scroll of magic mapping {unknown}
 P - a scroll of summoning {unknown}
 T - a scroll of teleportation {unknown}
 V - a scroll of noise {unknown}
Potions
 f - 6 potions of curing {unknown}
 i - a potion of resistance {unknown}
 k - a potion of magic {unknown}
 n - a potion of cure mutation {unknown}
 w - a potion of invisibility {unknown}
 C - 2 potions of berserk rage {unknown}
 D - a potion of agility
 E - 2 potions of haste {unknown}
 F - a potion of heal wounds {unknown}
 G - a potion of degeneration {unknown}
 Q - a potion of cancellation {unknown}
Books
 b - a book of Conjurations

   Spells                             Type                      Level
   a - Magic Dart                     Conjuration                  1
   b - Searing Ray                    Conjuration                  2
   c - Dazzling Spray                 Conjuration/Hexes            3
   d - Fulminant Prism                Conjuration/Hexes            4
   e - Iskenderun's Mystic Blast      Conjuration                  4
   f - Iskenderun's Battlesphere      Conjuration/Charms           5
 S - a book of Beasts

   Spells                             Type                      Level
   a - Summon Butterflies             Summoning                    1
   b - Call Canine Familiar           Summoning                    3
   c - Summon Ice Beast               Ice/Summoning                4
   d - Summon Mana Viper              Hexes/Summoning              5
   e - Summon Hydra                   Summoning                    7
Comestibles
 c - 3 bread rations
 g - 8 meat rations
 s - a royal jelly
 t - 8 fruits
 B - 2 beef jerkies
 X - 3 chunks of flesh


   Skills:
 - Level 2.4 Dodging
 - Level 2.4 Stealth
 + Level 11.0 Spellcasting
 * Level 13.3 Conjurations
 - Level 10.0 Charms
 - Level 3.0 Summonings


You had 17 spell levels left.
You knew the following spells:

 Your Spells              Type           Power        Failure   Level  Hunger
a - Magic Dart            Conj           ####         1%          1    None
b - Dazzling Spray        Conj/Hex       #####.       1%          3    None
c - Iskenderun's Mystic   Conj           ######..     1%          4    #......
d - Iskenderun's Battles  Conj/Chrm      ######..     1%          5    ####...
e - Summon Butterflies    Summ           ###.....     1%          1    None


Dungeon Overview and Level Annotations

Branches:
Dungeon (10/15)            Temple (1/1) D:5            Lair (1/8) D:9
    Orc: D:9-12

Altars:
Ashenzari
Cheibriados
Dithmenos
Elyvilon
Fedhas
Gozag
Kikubaaqudgha
Makhleb
Nemelex Xobeh
Okawaru
Pakellas
Qazlal
Ru
Sif Muna
Trog
Vehumet
Xom
Yredelemnul
Zin
The Shining One

Shops:
D:7 *

Annotations:
D:5 Situis's ghost, amateur DsFE
Lair:1 donacdum's ghost, novice MiBe


Message History

Vehumet accepts yer kill.
Ye now haf 474 gold pieces (gain'd 15).
Items 'ere: )) [ † a flail; a chain mail; a short sword; an orc corpse Ye butcher tha orc corpse.
X - 3 chunks o' flesh Thin's tha be 'ere: a flail; a chain mail; a short sword Thar ain't anythin' ta butcher 'ere.
Thar ain't anythin' ta butcher 'ere.
Unknown command.
Tha centaur warrior drinks a potion.
Tha centaur warrior sudd'nly seems more agile.
Found 14 bolts.
Ye swap places.
Tha centaur warrior wields a shortbow.
Tha centaur warrior shoots an arrow.
Tha arrow hits ye!!
* * * LOW HITPOINT WARNIN'
* * * Tha centaur warrior shoots an arrow.
Tha arrow hits ye!!
Ye die...

##........## #..
###).........## #..#####
.............. .......
#....[....... #....#
####.....)....... #.....
...c....>........
###...##.................
#.........###..*....#....
##.###.<...# #.#@)###.....
.........### #.#..........
.........#####............
....#.....................
....#....######...........
#####.....##....#......[##
#...................#
#....###............#
###### ###........>...


You could see a centaur warrior and a friendly battlesphere.

Vanquished Creatures
  An ugly thing (D:9)
  Joseph (D:7)
  3 blink frogs (Lair:1)
  2 two-headed ogres
  Grinder (D:6)
  Sigmund (D:5)
  A wraith (D:10)
  A wyvern (D:8)
  2 hippogriffs
  Menkaure (D:4)
  2 black bears (D:8)
  An orc warrior (D:8)
  A wasp (D:6)
  2 ice beasts
  3 centaurs
  5 ogres
  2 crocodiles
  7 giant frogs
  A gnoll sergeant (D:9)
  A wyvern zombie (D:6)
  A scorpion (D:8)
  6 killer bees (D:8)
  3 howler monkeys
  An electric eel (Lair:1)
  2 crimson imps (D:8)
  A giant frog zombie (D:7)
  3 hounds
  3 jellies
  5 orc priests
  A centaur skeleton (D:7)
  4 orc wizards
  A giant frog skeleton (D:7)
  A gnoll shaman (D:7)
  9 iguanas
  A hell rat (D:9)
  9 worker ants
  2 hound skeletons
  Robin (D:2)
  14 gnolls
  A howler monkey skeleton (D:6)
  12 adders
  A shadow imp (D:10)
  4 oozes
  An adder zombie (D:9)
  4 worms
  6 dart slugs
  8 giant geckos
  15 orcs
  A ball python (D:3)
  2 giant cockroaches
  11 hobgoblins
  9 jackals
  6 quokkas
  9 bats
  A giant gecko skeleton (D:4)
  A giant gecko zombie (D:6)
  5 giant newts
  29 goblins
  8 kobolds
  A quokka zombie (D:6)
  7 rats
249 creatures vanquished.

Vanquished Creatures (others)
  An orc wizard (D:7)
  A giant cockroach (D:7)
2 creatures vanquished.

Grand Total: 251 creatures vanquished

Notes
Turn   | Place    | Note
--------------------------------------------------------------
     0 | D:1      | Heedrag the Deep Elf Conjurer began the quest for the Orb.
     0 | D:1      | Reached XP level 1. HP: 10/10 MP: 6/6
   183 | D:1      | Reached XP level 2. HP: 15/15 MP: 2/8
   389 | D:1      | Reached skill level 5 in Conjurations
   508 | D:1      | Reached XP level 3. HP: 19/19 MP: 1/10
   597 | D:1      | Learned a level 3 spell: Dazzling Spray
  1331 | D:2      | Reached XP level 4. HP: 24/24 MP: 3/12
  1400 | D:2      | Learned a level 4 spell: Iskenderun's Mystic Blast
  1466 | D:2      | Noticed Robin
  1472 | D:2      | Killed Robin
  1743 | D:2      | Reached skill level 6 in Conjurations
  1875 | D:2      | Reached XP level 5. HP: 26/28 MP: 8/13
  1936 | D:2      | Learned a level 5 spell: Iskenderun's Battlesphere
  2349 | D:3      | Found a basalt altar of Yredelemnul.
  2511 | D:3      | Reached skill level 1 in Charms
  3151 | D:4      | Reached skill level 5 in Spellcasting
  3221 | D:4      | Noticed Menkaure
  3231 | D:4      | Killed Menkaure
  3231 | D:4      | Reached skill level 7 in Conjurations
  3231 | D:4      | Reached XP level 6. HP: 11/32 MP: 9/16
  4293 | D:4      | Reached XP level 7. HP: 24/36 MP: 14/17
  4558 | D:5      | Entered Level 5 of the Dungeon
  4642 | D:5      | Noticed Situis's ghost (amateur DsFE)
  4872 | D:5      | Noticed Sigmund
  4877 | D:5      | Killed Sigmund
  4877 | D:5      | Reached skill level 8 in Conjurations
  5032 | D:5      | Found a burning altar of Makhleb.
  5122 | D:5      | Reached skill level 5 in Charms
  5190 | D:5      | Found a staircase to the Ecumenical Temple.
  5203 | Temple   | Entered the Ecumenical Temple
  5486 | D:6      | Reached XP level 8. HP: 41/41 MP: 14/20
  5513 | D:6      | Reached skill level 9 in Conjurations
  6296 | D:6      | Noticed Grinder
  6305 | D:6      | Killed Grinder
  6305 | D:6      | Reached skill level 10 in Conjurations
  6734 | D:6      | Reached XP level 9. HP: 45/45 MP: 15/23
  6850 | D:7      | Got an ebony quarterstaff
  6851 | D:7      | Identified the +2 quarterstaff of Disembowelment {freeze, MR++ Stlth+} (You found it on level 7 of the Dungeon)
  6903 | D:7      | Found a shimmering altar of Xom.
  6968 | D:7      | Noticed Joseph
  6975 | D:7      | Killed Joseph
  6975 | D:7      | Reached skill level 11 in Conjurations
  7463 | D:7      | Found Zin's Purification Station.
  7465 | D:7      | Found a glowing silver altar of Zin.
  7538 | D:7      | Found a white marble altar of Elyvilon.
  7988 | D:5      | Found a burning altar of Makhleb.
  8257 | D:5      | Found a staircase to the Ecumenical Temple.
  8515 | D:8      | Found a shattered altar of Ashenzari.
  8670 | D:8      | Found an oddly glowing altar of Pakellas.
  8856 | D:8      | Learned a level 1 spell: Summon Butterflies
  8954 | D:8      | Reached skill level 12 in Conjurations
  8961 | D:8      | Reached XP level 10. HP: 40/50 MP: 9/25
  9173 | D:8      | Found a bloodstained altar of Trog.
  9177 | D:8      | Reached skill level 10 in Spellcasting
  9257 | D:8      | Reached skill level 10 in Charms
  9650 | D:9      | Found a white marble altar of Elyvilon.
  9650 | D:9      | Found a radiant altar of Vehumet.
  9712 | D:9      | Became a worshipper of Vehumet
  9795 | D:9      | Reached skill level 1 in Summonings
  9834 | D:9      | Found a staircase to the Lair.
  9924 | D:9      | Noticed a brown ugly thing
  9933 | D:9      | Killed a brown ugly thing
 10170 | Lair:1   | Entered Level 1 of the Lair of Beasts
 10225 | Lair:1   | Reached skill level 13 in Conjurations
 10345 | Lair:1   | Noticed donacdum's ghost (novice MiBe)
 10421 | D:10     | Entered Level 10 of the Dungeon
 10421 | D:10     | Noticed a centaur warrior
 10650 | D:10     | Shot with an arrow by a centaur warrior

Skill      XL: |  1  2  3  4  5  6  7  8  9 10 |
---------------+-------------------------------+-----
Conjurations   | 5 6 7 8 10 12 13 | 13.3
Spellcasting   | 4 5 6 8 9 11 | 11.0
Charms         | 2 3 5 7 9 10 | 10.0
Summonings     | 3 |  3.0
Dodging        | |  2.4
Stealth        | |  2.4

Action                   |  1- 3 |  4- 6 |  7- 9 | 10-12 || total
-------------------------+-------+-------+-------+-------++-------
Melee: Short sword       |    13 |    18 |    12 |       ||    43
       Dagger            |       |     4 |       |       ||     4
       Quarterstaff      |       |       |     8 |    13 ||    21
 Cast: Magic Dart        |    82 |   160 |   211 |   126 ||   579
       Dazzling Spray    |       |     6 |     3 |       ||     9
       Iskenderun's Batt |       |       |    28 |    15 ||    43
       Iskenderun's Myst |       |       |     2 |     1 ||     3
       Summon Butterflie |       |       |       |     2 ||     2
  Use: Scroll            |       |       |     3 |       ||     3
  Eat: Chunk             |     1 |     9 |    18 |     7 ||    35
       Pizza             |       |       |     1 |       ||     1
       Beef jerky        |       |       |     1 |       ||     1
Armor: Robe              |     3 |     3 |     6 |     6 ||    18
Dodge: Dodged            |    12 |    16 |    38 |    15 ||    81
Block: Other             |       |       |     4 |     3 ||     7
       Reflection        |       |       |     1 |       ||     1
